 Dungeon Crawl Stone Soup version 0.31-a0-1522-g43313d8a59 (webtiles) character file.

Game seed: 14770981967859220386

112 SolCadguy the Cudgeller (level 4, -3/36 HPs)
             Began as an Armataur Warper on Dec 30, 2023.
             Slain by a gnoll bouda
             ... wielding a +0 club
              (6 damage)
             ... on level 3 of the Dungeon.
             The game lasted 00:06:44 (2022 turns).

SolCadguy the Cudgeller (Armataur Warper)           Turns: 2022, Time: 00:06:45

Health: -3/36      AC:  6    Str: 15 (16) XL:     4   Next: 63%
Magic:  6/6        EV:  7    Int: 14 (16) God:
Gold:   153        SH:  0    Dex:  7 (9)  Spells: 4/6 levels left

rFire   . . .        o - +4 whip
rCold   . . .        (no shield)
rNeg    . . .        p - +0 scale mail
rPois   .            (no helmet)
rElec   .            (no cloak)
rCorr   .            (no gloves)
SInv    +            (no barding)
Will    .....        (no amulet) Stlth
                     h - ring of see invisible
HPRegen 0.26/turn    (no ring)
MPRegen 0.10/turn

%: roll
@: no status effects
A: large, deformed body, tough skin 3, armoured tail, roll 1
a: no special abilities


You were on level 3 of the Dungeon.
You visited 1 branch of the dungeon, and saw 3 of its levels.

You collected 173 gold pieces.
You spent 20 gold pieces at shops.

Inventory:

Hand Weapons
 a - a +0 mace
 o - a +4 whip (weapon)
 r - a +0 quarterstaff
 t - a +0 war axe
Missiles
 d - 7 darts of dispersal (quivered)
 f - 23 stones
 q - 5 boomerangs
 u - 5 poisoned darts
Armour
 b - a +0 leather armour
 l - a +0 plate armour
 p - a +0 scale mail (worn)
Jewellery
 h - a ring of see invisible (left hand)
Scrolls
 c - a scroll of blinking
 e - a scroll of fear {unknown}
 i - a scroll of identify
 k - a scroll of amnesia {unknown}
 n - a scroll of noise {unknown}
 s - a scroll of immolation {unknown}


   Skills:
 - Level 1.7 Fighting
 + Level 4.3 Maces & Flails
 - Level 0.8 Throwing
 + Level 1.9 Armour
 - Level 1.3 Dodging
 - Level 1.7 Spellcasting
 - Level 3.0 Translocations


You had 4 spell levels left.
You knew the following spells:

 Your Spells              Type           Power      Damage    Failure   Level
a - Blink                 Tloc           18%        N/A       38%         2

Your spell library contained the following spells:

 Spells                   Type           Power      Damage    Failure   Level
 Lesser Beckoning         Tloc           18%        N/A       38%         2
 Gell's Gravitas          Tloc           9%         N/A       63%         3
 Teleport Other           Tloc           9%         N/A       63%         3
 Manifold Assault         Tloc           9%         N/A       95%         4
 Vhi's Electric Charge    Tloc/Air       10%        N/A       99%         4


Dungeon Overview and Level Annotations

Branches:
Dungeon (3/15)

Altars:

Shops:
D:1 ?   D:3 [


Innate Abilities, Weirdness & Mutations

Armour fits poorly on your strangely shaped body.
You have extremely tough skin. (AC +3)
You have a long armoured tail.
You regenerate magic when rolling toward enemies. (Rampage MPRegen)


Message History

You hit the gnoll bouda but do no damage.
The gnoll bouda is heavily wounded.
You hit the gnoll bouda.
Your tail-slap misses the gnoll bouda.
The gnoll bouda is severely wounded.
The gnoll bouda hits you with a +0 club.
You hit the gnoll bouda but do no damage.
The gnoll bouda is severely wounded.
The gnoll bouda hits you with a +0 club.
You completely miss the gnoll bouda.
The gnoll bouda is severely wounded.
The gnoll bouda gazes fiercely through you!
You feel your attacks grow feeble.
The gnoll bouda hits you with a +0 club.
You hit the gnoll bouda.
The gnoll bouda is severely wounded.
The gnoll bouda prays to its god.
The gnoll bouda is healed somewhat.
You hit the gnoll bouda.
Your tail-slap misses the gnoll bouda.
The gnoll bouda is heavily wounded.
The gnoll bouda hits you with a +0 club!
* * * LOW HITPOINT WARNING * * *
You hit the gnoll bouda but do no damage.
Your tail-slap misses the gnoll bouda.
The gnoll bouda is heavily wounded.
The gnoll bouda barks out a call to the hunt!
The gnoll picks up the pace!
You hit the gnoll bouda.
The gnoll bouda is severely wounded.
The gnoll bouda hits you with a +0 club!
* * * LOW HITPOINT WARNING * * *
You closely miss the gnoll bouda.
The gnoll bouda is severely wounded.
Your attacks no longer feel as feeble.
The gnoll bouda barely misses you.
You hit the gnoll bouda but do no damage.
The gnoll bouda is severely wounded.
You barely miss the gnoll bouda.
The gnoll bouda is severely wounded.
The gnoll bouda hits you with a +0 club.
You die...

#......# #.##.. .....#
####.###
#.#####..##.##
#.#######.#####..#...S
#.##...............gg.
#......##.#...........
####.#.##.#.##g#
#.#...gS.)..#
#.####g#.####
#.####@#......#
#......########
########


You could see a gnoll bouda, a gnoll (swift) and an adder.

Vanquished Creatures
  Jessica (D:2)
  4 adders
  A gnoll (D:3)
  2 dart slugs (D:1)
  4 endoplasms (D:1)
  A giant cockroach (D:1)
  4 goblins
  4 hobgoblins
  2 jackals (D:1)
  3 kobolds
  3 quokkas (D:1)
  4 bats
  A frilled lizard (D:1)
  3 rats
37 creatures vanquished.

Notes
Turn   | Place    | Note
-------+----------+-------------------------------------------
     0 | D:1      | SolCadguy the Armataur Warper began the quest for the Orb.
     0 | D:1      | Reached XP level 1. HP: 17/17 MP: 3/3
   112 | D:1      | Reached skill level 2 in Maces & Flails
   252 | D:1      | Found Nisiut's Magic Scroll Boutique.
   260 | D:1      | Reached XP level 2. HP: 22/24 MP: 4/4
   279 | D:1      | Bought a scroll of identify for 20 gold pieces
   460 | D:1      | Reached skill level 3 in Maces & Flails
   684 | D:1      | Reached XP level 3. HP: 29/29 MP: 5/5
   697 | D:1      | Found a faded altar of an unknown god.
   965 | D:2      | Learned a level 2 spell: Blink
  1348 | D:2      | Noticed Jessica
  1356 | D:2      | Killed Jessica
  1357 | D:2      | Reached skill level 4 in Maces & Flails
  1357 | D:2      | Reached XP level 4. HP: 32/36 MP: 6/6
  1853 | D:3      | Found Yrabban's Armour Boutique.
  2022 | D:3      | Slain by a gnoll bouda

Illustrated notes

Levels and vault maps discovered:
D:1:      matt_arrival_los_fun, layout_loops_cross,
          hellmonk_ecumenical_altar_lost_god, serial_shops,
          nicolae_shop_advertising_works [nicolae_subvault_shop_adworks]
D:2:      layout_loops_corners, uniq_jessica
D:3:      layout_loops_cross, mainiacjoe_overflow_small_starburst, serial_shops,
          shop

Skill      XL: |  1  2  3 |
---------------+----------+-----
Maces & Flails | 2 3 4 |  4.3
Fighting       | |  1.7
Throwing       | |  0.8
Armour         | |  1.9
Dodging        | |  1.3
Spellcasting   | |  1.7
Translocations | |  3.0

Action                     |  1- 3 |  4- 6 || total
---------------------------+-------+-------++-------
  Melee: Mace              |    84 |     1 ||    85
         Tailslap          |     9 |     6 ||    15
         Punch             |     1 |       ||     1
         Whip              |       |    36 ||    36
    Use: Potion            |       |     3 ||     3
 Armour: Leather armour    |    55 |     6 ||    61
         Scale mail        |       |    18 ||    18
  Dodge: Dodged            |    48 |     9 ||    57

Table legend: (Time is in decaauts)
 A = Elapsed time spent in this place.
 B = Non-inter-level travel time spent in this place.
 C = Inter-level travel time spent in this place.
 D = Time resting spent in this place.
 E = Time spent auto-exploring this place.
 F = Levels seen in this place.
 G = Mean time per level.
                   A        B        C        D        E       F      G
               +--------+--------+--------+--------+--------+-----+--------+
         Total |   2038 |   1976 |     62 |    100 |   1504 |   3 |  679.3 |
       Dungeon |   2038 |   1976 |     62 |    100 |   1504 |   3 |  679.3 |
               +--------+--------+--------+--------+--------+-----+--------+

Top non-repeatable levels by time:
     D:1: 934 daAuts
     D:2: 856 daAuts
     D:3: 247 daAuts
